 Dungeon Crawl Stone Soup version 0.18-a0-1171-ga8e22e7 (webtiles) character file.

226 Scytalen the Stinger (level 6, -11/49 HPs)
             Began as a Naga Venom Mage on Jan 26, 2016.
             Was an Initiate of Nemelex Xobeh.
             Mangled by an orc
             ... wielding a +2 short sword of electrocution
              (14 damage)
             ... on level 3 of the Dungeon.
             The game lasted 00:13:24 (3863 turns).

Scytalen the Stinger (Naga Venom Mage)              Turns: 3863, Time: 00:13:24

Health: -11/49     AC:  3    Str: 11    XL:     6   Next: 1%
Magic:  5/9        EV: 10    Int: 17    God:    Nemelex Xobeh [......]
Gold:   179        SH:  2    Dex: 11    Spells: 2 memorised, 5 levels left

rFire  . . .     SeeInvis +     y - +0 hunting sling
rCold  + . .     Gourm    .     a - +0 robe
rNeg   . . .     Faith    .     (no shield)
rPois  +         Spirit   .     (no helmet)
rElec  .         Dismiss  .     (no cloak)
rCorr  .         Reflect  +     (no gloves)
SustAt .         Harm     .     (no barding)
MR     .....                    m - +2 amulet of reflection
Stlth  +++.......               (no ring)
                                n - ring of protection from cold (curse)

@: short of breath, very slow, not resistant to hostile enchantments, fairly
stealthy
A: see invisible, deformed body, poison resistance, slowness 2, slow metabolism
1, spit poison 2, AC +2
a: Spit Poison, Renounce Religion


You were on level 3 of the Dungeon.
You worshipped Nemelex Xobeh.
Nemelex Xobeh was noncommittal.
You were not hungry.

You visited 1 branch of the dungeon, and saw 3 of its levels.

You collected 179 gold pieces.

Inventory:

Hand Weapons
 y - a +0 hunting sling (weapon)
Missiles
 i - 86 stones
 q - 19 poisoned needles
 r - 4 tomahawks
 x - 9 sling bullets (quivered)
Armour
 a - a +0 robe (worn)
Jewellery
 d - an uncursed ring of ice
 m - a +2 amulet of reflection (around neck)
 n - a cursed ring of protection from cold (left hand)
Scrolls
 e - a scroll of enchant weapon {unknown}
 h - a scroll of fog {unknown}
 k - a scroll of blinking {unknown}
 l - a scroll of teleportation {unknown}
Potions
 f - 2 potions of might {unknown}
 j - 2 potions of brilliance
 o - a potion of curing
 p - 2 potions of resistance {unknown}
 u - a potion of agility
 w - a potion of flight
Books
 b - a Young Poisoner's Handbook

   Spells                             Type                      Level
   a - Sting                          Conjuration/Poison           1
   b - Cure Poison                    Poison                       2
   c - Mephitic Cloud                 Conjuration/Poison/Air       3
   d - Olgreb's Toxic Radiance        Poison                       4
   e - Venom Bolt                     Conjuration/Poison           5
Miscellaneous
 s - a plain deck of war
 v - a plain deck of destruction
Comestibles
 c - 2 bread rations
 g - a slice of pizza
 t - 2 chunks of flesh


   Skills:
 - Level 1.5 Dodging
 - Level 4.2 Stealth
 - Level 2.0 Spellcasting
 - Level 3.1 Conjurations
 + Level 1.5 Air Magic
 - Level 7.2 Poison Magic


You had 5 spell levels left.
You knew the following spells:

 Your Spells              Type           Power        Failure   Level  Hunger
a - Sting                 Conj/Pois      ###.         2%          1    #......
b - Mephitic Cloud        Conj/Pois/Air  ###.....     14%         3    ###....


Dungeon Overview and Level Annotations

Branches:
Dungeon (3/15)

Altars:
Nemelex Xobeh
The Shining One


Innate Abilities, Weirdness & Mutations

You cannot wear boots.
Your serpentine skin is tough (AC +2).
You have supernaturally acute eyesight.
Armour fits poorly on your strangely shaped body.
Your system is resistant to poisons.
You cover ground very slowly.
You have a slow metabolism.
You can spit poison.


Message History

Press: ? - help, Shift-Dir - straight line, f/p - orc
Aim: an orc, wielding a short sword of electrocution and wearing a chain mail The splash of poison misses the orc.
You feel slightly more hungry.
The orc hits you with a short sword of electrocution.
* * * LOW HITPOINT WARNING * * *
An orc comes into view. It is wielding a club.
You take 6 damage, and have 4/49 hp.
Casting: Sting
Confirm with . or Enter, or press ? or * to list all spells.
Aiming: Sting
Press: ? - help, Shift-Dir - straight line, f/p - orc
Aim: an orc, wielding a short sword of electrocution and wearing a chain mail The sting hits the orc.
The orc is poisoned.
The orc is lightly wounded.
The orc shouts! x2
The orc hits you with a short sword of electrocution.
* * * LOW HITPOINT WARNING * * *
You are electrocuted!
You die...
Your body disappears without a glow.

#######.....# #.........
.....##.....# #.........
.....##.....# #..(.(.o..
.....##.....# #.....)...
.....#..<...# #.....o...
#'####...o..# #...o.....
#........o..########## ###'#####.
............o....o...#####o#####.
.............o..@)............>..
#####################...........)
>.............# #..####.##.##
#######⌠.⌠.##.# ##....).##...
.#.)...._..##.# #).######..#
.#.####⌠.⌠###.########....# #..#
...##.....###.......##..### #..#
#####.#.#......####.##..## #...
......#<#......# #.##...#####.##


You could see 5 orcs.

Vanquished Creatures
  Natasha (thrice) (D:3)
  An orc wizard (D:3)
  2 adders (D:2)
  3 gnolls (D:3)
  An ooze (D:2)
  A worm (D:3)
  A giant gecko (D:2)
  8 orcs (D:3)
  3 ball pythons
  A giant cockroach (D:3)
  8 goblins
  8 hobgoblins
  7 jackals
  5 kobolds
  2 bats
  4 giant newts
  9 rats
67 creatures vanquished.

Notes
Turn   | Place    | Note
--------------------------------------------------------------
     0 | D:1      | Scytalen the Naga Venom Mage began the quest for the Orb.
     0 | D:1      | Reached XP level 1. HP: 15/15 MP: 3/3
   295 | D:1      | Reached XP level 2. HP: 22/22 MP: 1/5
   608 | D:1      | Reached skill level 1 in Conjurations
  1318 | D:2      | Reached XP level 3. HP: 28/28 MP: 2/6
  1392 | D:2      | Found a glowing golden altar of the Shining One.
  1789 | D:2      | Reached skill level 6 in Poison Magic
  2003 | D:2      | Reached XP level 4. HP: 21/36 MP: 0/7
  2397 | D:3      | Found a sparkling altar of Nemelex Xobeh.
  2413 | D:3      | Noticed Natasha
  2443 | D:3      | Killed Natasha
  2448 | D:3      | Learned a level 3 spell: Mephitic Cloud
  2449 | D:3      | Became a worshipper of Nemelex Xobeh the Trickster
  2557 | D:3      | Received a gift from Nemelex Xobeh
  2839 | D:3      | Noticed Natasha
  2841 | D:3      | Killed Natasha
  2841 | D:3      | Reached XP level 5. HP: 42/42 MP: 5/8
  2975 | D:3      | Noticed Natasha
  2984 | D:3      | Killed Natasha
  3124 | D:3      | Received a gift from Nemelex Xobeh
  3267 | D:3      | Reached skill level 7 in Poison Magic
  3669 | D:3      | Reached skill level 1 in Air Magic
  3801 | D:3      | Reached XP level 6. HP: 42/49 MP: 4/9
  3863 | D:3      | Mangled by an orc

Vault maps used:
D:1:      zelgadis_glass_arrival_small
D:2:      tso_metal_star
D:3:      nemelex_xobeh_ov_fountains_minmay, st_stairs_11, uniq_natasha

Action                   |  1- 3 |  4- 6 || total
-------------------------+-------+-------++-------
Melee: Unarmed           |    12 |       ||    12
 Fire: Hunting sling     |       |     3 ||     3
Throw: Stone             |    14 |     4 ||    18
 Cast: Sting             |    68 |   111 ||   179
 Abil: Spit Poison       |     5 |     9 ||    14
  Use: Scroll            |       |     3 ||     3
  Eat: Chunk             |     4 |     7 ||    11
